 Dungeon Crawl Stone Soup version 0.23-a0-650-ga4d50d4 (console) character file.

305 bli the Cudgeler (level 6, -11/48 HPs)
             Began as a Formicid Abyssal Knight on Jan 4, 2019.
             Was a Priest of Lugonu.
             Mangled by an ogre
             ... wielding a +0 giant spiked club
              (31 damage)
             ... on level 4 of the Dungeon.
             The game lasted 00:10:26 (3569 turns).

bli the Cudgeler (Formicid Abyssal Knight)          Turns: 3569, Time: 00:10:27

Health: -11/48     AC: 11    Str: 18    XL:     6   Next: 67%
Magic:  7/7        EV: 11    Int: 12    God:    Lugonu [***...]
Gold:   135        SH:  5    Dex: 10    Spells: 5/5 levels left

rFire    . . .     SeeInvis +   b - +0 flail (protect)
rCold    . . .     Gourm    .   (no shield)
rNeg     . . .     Faith    .   d - +0 leather armour
rPois    .         Spirit   .   (helmet unavailable)
rElec    .         Reflect  +   (no cloak)
rCorr    .         Harm     .   w - +0 pair of gloves
MR       .....                  (no boots)
Stlth    +.........             j - +5 amulet of reflection
HPRegen  0.16/turn              (no ring)
MPRegen  0.10/turn              (no ring)

@: protection aura
A: permanent stasis, dig shafts and tunnels, four strong arms, antennae 3
a: Dig, Shaft Self, Depart the Abyss, Bend Space, Banish, Renounce Religion


You were on level 4 of the Dungeon.
You worshipped Lugonu.
Lugonu was most pleased with you.
You were not hungry.

You visited 1 branch of the dungeon, and saw 4 of its levels.
You visited the Abyss 1 time.

You collected 135 gold pieces.

Inventory:

Hand Weapons
 a - a +1 hand axe
 b - a +0 flail of protection (weapon)
 s - a +0 quarterstaff
Missiles
 e - 56 stones (quivered)
 l - 33 sling bullets
Armour
 d - a +0 leather armour (worn)
 k - a cursed +0 ring mail
 w - a +0 pair of gloves (worn)
Jewellery
 j - a +5 amulet of reflection (around neck)
Wands
 t - a wand of disintegration (9)
Scrolls
 g - a scroll of immolation {unknown}
 o - a scroll of remove curse {unknown}
 q - 2 scrolls of enchant weapon {unknown}
 r - 4 scrolls of teleportation {unknown}
 u - a scroll of identify {unknown}
 v - a scroll of fog {unknown}
 x - a scroll of blinking {unknown}
 y - a scroll of amnesia {unknown}
 z - a scroll of enchant armour {unknown}
Potions
 f - a potion of agility {unknown}
 i - 4 potions of haste {unknown}
 m - 2 potions of curing {unknown}
 n - a potion of cancellation {unknown}
 p - a potion of resistance {unknown}
 A - a potion of mutation {unknown}
 C - a potion of brilliance {unknown}
Comestibles
 c - 7 rations
 B - 10 chunks of flesh


   Skills:
 + Level 3.8 Fighting
 + Level 3.0(4.3) Axes
 + Level 4.8(5.2) Maces & Flails
 * Level 3.2 Armour
 - Level 0.8 Dodging
 - Level 2.1 Invocations


You had 5 spell levels left.
You didn't know any spells.
Your spell library was empty.

Dungeon Overview and Level Annotations

Branches:
Dungeon (4/15)
 Temple: D:4-7

Altars:

Annotations:
D:4 3 runed doors, galech's ghost, amateur DsFi


Innate Abilities, Weirdness & Mutations

You cannot be hasted, slowed, berserked, paralysed or teleported.
You can dig through walls and to a lower floor.
Your four strong arms can wield two-handed weapons with a shield.
You have a pair of large antennae on your head. (SInv)


Message History

Lugonu accepts your kill.
Your Armour skill increases to level 3!
A quokka comes into view.
The quokka closely misses you. The quokka barely misses you.
You closely miss the quokka. The quokka bites you.
You thump the quokka!
Your weapon exudes an aura of protection.
You kill the quokka!
Lugonu accepts your kill. You block the ogre's attack.
You thump the ogre!
The ogre is moderately wounded.
You block the ogre's attack.
You closely miss the ogre.
The ogre is moderately wounded.
You hit the ogre.
The ogre is moderately wounded.
The ogre hits you with a +0 giant spiked club!!
Ouch! That really hurt!
You die...

#.....# #.............###
#.....# #................
#########.........##.>...
#...........#.......
......#
#....(......'...O...
......#
#....(....).#.......
......#
#####...........#.......
......#
................#.......
......#
................#.......
......#
......O.#.......#.......
......#
.......@#.......#.......
))....#
........#.......#.......
......#
#################.......
......# #....... .....[#
######## ###'### # # #.#
# # #.# # #.# # #.# # #.#
#


You could see an ogre.

Vanquished Creatures
  An ogre (D:4)
  A howler monkey (D:3)
  An orc wizard (D:4)
  A worker ant (D:4)
  Terence (D:2)
  A gnoll (D:1)
  2 adders
  2 worms (D:3)
  A dart slug (D:1)
  4 orcs (D:4)
  3 ball pythons
  4 bats
  3 giant cockroaches (D:1)
  13 goblins
  7 hobgoblins
  7 kobolds
  2 quokkas (D:4)
  A ball python skeleton (D:4)
  4 frilled lizards
  A jackal skeleton (D:4)
  A leopard gecko zombie (D:3)
  7 rats (D:1)
68 creatures vanquished.

Vanquished Creatures (others)
  9 toadstools (D:2)
9 creatures vanquished.

Grand Total: 77 creatures vanquished

Notes
Turn   | Place    | Note
-------+----------+-------------------------------------------
     0 | Abyss:1  | bli the Formicid Abyssal Knight began the quest for the
                  | Orb.
     0 | Abyss:1  | Reached XP level 1. HP: 18/18 MP: 2/2
    31 | Abyss:2  | Noticed a large abomination
    37 | D:1      | Escaped the Abyss
   134 | D:1      | Reached XP level 2. HP: 19/24 MP: 3/3
   291 | D:1      | Reached skill level 1 in Maces & Flails
   294 | D:1      | Reached ** piety under Lugonu
   316 | D:1      | Reached XP level 3. HP: 11/29 MP: 4/4
   613 | D:1      | Reached skill level 2 in Maces & Flails
   773 | D:1      | Reached XP level 4. HP: 32/35 MP: 5/5
  1391 | D:2      | Noticed Terence
  1626 | D:2      | Killed Terence
  1626 | D:2      | Reached skill level 3 in Maces & Flails
  2174 | D:3      | Reached XP level 5. HP: 40/41 MP: 6/6
  3055 | D:4      | Reached skill level 4 in Maces & Flails
  3367 | D:4      | Found a runed gate.
  3367 | D:4      | Found a runed gate.
  3367 | D:4      | Found a runed gate.
  3368 | D:4      | Noticed galech's ghost (amateur DsFi)
  3368 | D:4      | Noticed a wyvern
  3443 | D:4      | Reached *** piety under Lugonu
  3453 | D:4      | Reached XP level 6. HP: 38/47 MP: 7/7
  3545 | D:4      | Noticed an ogre
  3550 | D:4      | Noticed an ogre
  3556 | D:4      | Killed an ogre
  3569 | D:4      | Mangled by an ogre

Vault maps used:
D:1:      tarquinn_simple_flora_water_d, minmay_box_of_dots
D:2:      cheibrodos_fertilizer, uniq_jessica, uniq_terence
D:4:      first_ration, gammafunk_ghost_split, minmay_misc_feat_x
Abyss:2:  evilmike_abyss_exit_smiterflies

Skill      XL: |  1  2  3  4  5  6 |
---------------+-------------------+-----
Maces & Flails | 1 2 3 4 |  4.8
Axes           | 3 |  3.0
Armour         | 3 |  3.2
Fighting       | |  3.8
Dodging        | |  0.8
Invocations    | |  2.1

Action                   |  1- 3 |  4- 6 || total
-------------------------+-------+-------++-------
Melee: Flail             |   108 |   141 ||   249
Throw: Javelin           |     4 |    20 ||    24
       Stone             |       |     7 ||     7
 Abil: Dig               |     1 |       ||     1
  Eat: Chunk             |       |     9 ||     9
Armor: Leather armour    |    52 |    34 ||    86
Dodge: Dodged            |    57 |    64 ||   121
Block: Other             |       |    33 ||    33

Table legend:
 A = Non-vault XP
 B = Vault XP
 C = Vault XP percentage of total XP
 D = Non-vault monster count
 E = Vault monster count
 F = Vault count percentage of total count
                 A         B        C        D         E       F
            +---------+---------+-------+---------+---------+-------
      Total |     379 |      58 |  13.3 |      61 |       7 |  10.3
            +---------+---------+-------+---------+---------+-------
        D:1 |      58 |      26 |  31.0 |      29 |       6 |  17.1
        D:2 |      10 |      32 |  76.2 |       6 |       1 |  14.3
        D:3 |      81 |       0 |   0.0 |      12 |       0 |   0.0
        D:4 |     230 |       0 |   0.0 |      14 |       0 |   0.0
            +---------+---------+-------+---------+---------+-------
